Map: Frost LE

Players

Neeb

  • Race: Protoss Protoss
  • League: Diamond

uThermal - Winner!

  • Race: Terran Terran
  • League: Gold

Event: IEM Season 11 - Shanghai

VOD

Have the link to the VOD?

Description

Time

  • Played on: July 30, 2016, 5:43 a.m.
  • Length: 9:37

All games in this series

Show
View Real Time Build Order
Export as new Build Order

Neeb Protoss 

Build Orders: 1 Gate Expand, Blink Stalkers 

Get SALT Encoding   

  12  0:00  Probe (Chrono Boost)  
  13  0:11  Probe (Chrono Boost)  
  14  0:18  Pylon  
  14  0:22  Probe (Chrono Boost)  
  15  0:36  Probe (Chrono Boost), Gateway  
  16  0:47  Probe (Chrono Boost)  
  16  0:48  Assimilator  
  17  0:57  Probe (Chrono Boost)  
  18  1:08  Probe (Chrono Boost)  
  19  1:18  Nexus  
  19  1:21  Probe (Chrono Boost)  
  20  1:31  Cybernetics Core  
  20  1:34  Probe (Chrono Boost)  
  21  1:40  Assimilator  
  21  1:45  Probe (Chrono Boost)  
  22  1:49  Pylon  
  22  1:55  Probe (Chrono Boost)  
  23  2:04  Adept, Warp Gate  
  26  2:09  Probe (Chrono Boost)  
  27  2:26  Mothership Core (Chrono Boost)  
  27  2:29  Stalker  
  28  2:30  Probe (Chrono Boost)  
  31  2:40  Probe (Chrono Boost)  
  32  2:44  Probe (Chrono Boost)  
  32  2:50  Twilight Council  
  34  2:51  Probe (Chrono Boost)  
  34  2:55  Probe (Chrono Boost)  
  35  3:02  Probe (Chrono Boost)  
  37  3:05  Probe (Chrono Boost)  
  37  3:12  Probe (Chrono Boost)  
  38  3:14  Pylon  
  38  3:16  Probe (Chrono Boost)  
  38  3:18  Robotics Facility  
  38  3:19  Gateway  
  37  3:23  Blink  
  37  3:25  Gateway  
  37  3:32  Probe (Chrono Boost)  
  37  3:33  Probe (Chrono Boost)  
  39  3:41  Pylon  
  39  3:43  Probe (Chrono Boost)  
  39  3:47  Probe (Chrono Boost)  
  41  3:52  Pylon  
  41  3:54  Probe (Chrono Boost)  
  42  4:00  Probe (Chrono Boost)  
  43  4:05  Observer  
  43  4:06  Stalker  
  43  4:08  Assimilator  
  43  4:09  Probe (Chrono Boost)  
  47  4:13  Pylon  
  47  4:14  Probe (Chrono Boost)  
  46  4:20  Probe (Chrono Boost), Stalker  
  49  4:27  Pylon  
  49  4:31  Gateway  
  49  4:33  Probe (Chrono Boost)  
  49  4:34  Probe (Chrono Boost)  
  51  4:39  Stalker  
  53  4:49  Stalker x2  
  53  5:05  Stalker  
  49  5:12  Stalker x2  
  49  5:13  Observer  
  55  5:15  Probe x2 (Chrono Boost)  
  56  5:28  Pylon  
  54  5:30  Mothership Core (Chrono Boost)  
  54  5:31  Probe (Chrono Boost)  
  55  5:37  Stalker  
  55  5:41  Probe (Chrono Boost)  
  58  5:48  Stalker  
  58  5:49  Stalker  
  63  5:50  Probe (Chrono Boost)  
  63  6:01  Stalker x2  
  63  6:03  Probe (Chrono Boost)  
  69  6:04  Probe (Chrono Boost)  
  69  6:13  Probe (Chrono Boost)  
  70  6:21  Probe (Chrono Boost)  
  71  6:27  Stalker x2  
  71  6:28  Stalker x2  
  79  6:33  Probe (Chrono Boost)  
  79  6:34  Probe (Chrono Boost), Pylon  
  80  6:48  Probe (Chrono Boost)  
  80  6:50  Probe (Chrono Boost)  
  77  7:00  Probe (Chrono Boost)  
  70  7:02  Stalker x3  
  70  7:03  Stalker  
  70  7:04  Probe (Chrono Boost)  
  80  7:08  Observer  
  80  7:13  Resonating Glaives  
  80  7:17  Nexus  
  80  7:18  Pylon  
  80  7:20  Assimilator  
  80  7:21  Forge  
  81  7:24  Probe (Chrono Boost)  
  81  7:33  Probe (Chrono Boost)  
  80  7:37  Immortal  
  80  7:44  Stalker x2  
  85  7:45  Probe x2 (Chrono Boost)  
  88  7:54  Sentry  
  91  8:00  Probe (Chrono Boost)  
  91  8:01  Probe (Chrono Boost)  
  91  8:04  Adept  
  92  8:07  Gateway  
  92  8:09  Gateway  
  92  8:17  Immortal  
  92  8:18  Probe (Chrono Boost)  
  92  8:19  Probe (Chrono Boost)  
  98  8:31  Probe (Chrono Boost)  
  98  8:33  Probe x2 (Chrono Boost)  
  101  8:34  Adept x3  
  101  8:37  Pylon  
  101  8:39  Adept  
  101  8:42  Probe (Chrono Boost)  
  101  8:44  Pylon  
  101  8:45  Probe (Chrono Boost)  
  101  8:46  Probe (Chrono Boost)  
  104  8:49  Gateway  
  104  8:56  Immortal  
  104  8:58  Sentry  
  104  8:59  Adept  
  104  9:00  Adept  
  108  9:07  Adept  
  84  9:22  Stalker x3  
  69  9:31  Stalker  
  69  9:32  Stalker x2  
Show
View Real Time Build Order
Export as new Build Order

uThermal Terran - Winner!

Build Orders: 1/1/1, Liberator Opening, MMM Bio 

Get SALT Encoding   

  12  0:01  SCV  
  13  0:14  SCV  
  14  0:17  Supply Depot  
  14  0:26  SCV  
  14  0:27  Refinery  
  15  0:39  SCV  
  16  0:45  Barracks  
  16  0:51  SCV  
  17  1:03  SCV  
  18  1:15  SCV  
  19  1:32  Factory, Marine, Orbital Command  
  20  1:38  Supply Depot  
  20  1:49  Marine  
  21  1:58  SCV  
  22  2:10  Command Center  
  22  2:15  Marine  
  22  2:22  Starport  
  23  2:27  Widow Mine  
  23  2:29  SCV  
  26  2:33  Marine  
  27  2:41  Supply Depot  
  27  2:43  SCV  
  28  2:51  Marine  
  28  2:55  SCV  
  29  2:59  Hellion  
  29  3:02  Medivac  
  29  3:05  Refinery  
  33  3:09  Marine  
  33  3:10  SCV  
  35  3:20  Hellion  
  35  3:22  Liberator  
  35  3:23  SCV  
  35  3:25  Orbital Command  
  38  3:35  SCV  
  38  3:37  Marine  
  43  3:47  SCV  
  44  3:50  Engineering Bay  
  44  3:53  SCV  
  45  3:59  SCV  
  46  4:05  Liberator, SCV  
  46  4:08  Barracks Reactor  
  47  4:11  SCV  
  47  4:15  Factory Tech Lab  
  48  4:17  SCV  
  48  4:21  Supply Depot  
  48  4:23  SCV  
  53  4:29  Supply Depot, SCV  
  54  4:41  Barracks  
  54  4:42  SCV x2  
  54  4:43  Factory Tech Lab  
  54  4:44  Marine  
  57  4:46  Marine, Barracks  
  54  4:54  SCV x2  
  55  5:02  Marine  
  55  5:07  Starport Reactor  
  53  5:09  Terran Infantry Weapons Level 1, Barracks, SCV  
  53  5:10  Barracks  
  54  5:14  Marine  
  54  5:18  Factory Reactor, Bunker, Refinery  
  55  5:21  Marine  
  55  5:22  SCV  
  55  5:27  SCV  
  55  5:32  Marine  
  55  5:33  Stimpack, Marauder  
  58  5:36  SCV  
  58  5:38  Supply Depot  
  58  5:39  SCV  
  58  5:42  Marine, Marauder  
  63  5:48  SCV  
  64  5:51  SCV  
  64  5:55  Combat Shields  
  59  5:59  Barracks Tech Lab  
  59  6:00  SCV  
  59  6:01  Supply Depot, Marine  
  59  6:03  Refinery  
  62  6:05  Factory Reactor, Marine  
  62  6:06  Marine, Marauder  
  65  6:11  Medivac  
  65  6:16  SCV x2  
  65  6:17  Marine  
  68  6:19  Marine  
  68  6:24  Marine, Marauder  
  69  6:28  SCV  
  69  6:29  SCV  
  69  6:32  Medivac  
  70  6:33  Marine  
  70  6:37  Marine x2  
  73  6:40  SCV  
  73  6:41  SCV  
  73  6:42  Medivac  
  73  6:45  Marine  
  70  6:52  SCV  
  70  6:53  SCV  
  68  6:57  Marine, Marauder  
  63  7:05  Terran Infantry Armor Level 1, Marine  
  63  7:06  Marauder x2  
  63  7:07  Marine  
  69  7:10  Widow Mine  
  69  7:13  Marine  
  69  7:15  Concussive Shells  
  74  7:18  Widow Mine, Marine x2  
  76  7:25  Supply Depot  
  76  7:27  Marauder  
  76  7:29  Marine  
  79  7:30  Marine  
  79  7:31  Marauder  
  79  7:35  Marine  
  79  7:36  Marauder  
  85  7:46  Supply Depot, Medivac x2  
  85  7:47  Marine  
  85  7:48  Marine  
  85  7:49  Supply Depot, Marauder  
  93  7:52  Widow Mine  
  93  7:57  Supply Depot  
  94  8:08  Marine x3, Marauder x2  
  94  8:10  Supply Depot  
  101  8:18  Marine  
  102  8:20  Widow Mine  
  102  8:25  Marine  
  103  8:28  Medivac  
  103  8:29  Marine  
  103  8:30  Marine, Marauder x2  
  111  8:36  Marine  
  109  8:43  Marine  
  109  8:46  Medivac  
  109  8:47  Marine  
  109  8:48  Marine  
  113  8:49  Widow Mine  
  113  8:50  Supply Depot  
  113  8:51  Marauder x2  
  113  8:54  Marine  
  121  8:58  Medivac  
  104  9:12  Marine, Marauder  
  104  9:16  Marine  
  104  9:17  Marine  

Tags
 
Add a new tag
Caveats
  • Supply blocks, unpowered buildings, or Contaminate may cause inaccurate times.
  • Supply counts are checked every 10 seconds.